 Dungeon Crawl Stone Soup version 0.29.1 (webtiles) character file.

Game seed: 13914791299772331165

6 Regnix the Trooper (level 1, 0/18 HPs)
             Began as a Demonspawn Abyssal Knight on Sept 13, 2022.
             Was a Believer of Lugonu.
             Slain by a goblin
             ... wielding a +0 club
              (4 damage)
             ... on level 1 of the Dungeon.
             The game lasted 00:01:24 (136 turns).

Regnix the Trooper (Demonspawn Abyssal Knight)       Turns: 136, Time: 00:01:25

Health: 0/18       AC:  3    Str: 13    XL:     1   Next: 75%
Magic:  2/2        EV: 11    Int: 11    God:    Lugonu [**....]
Gold:   13         SH:  0    Dex: 13    Spells: 0/0 levels left

rFire   . . .      SeeInvis .   a - +1 falchion
rCold   . . .      Faith    .   (no shield)
rNeg    . . .      Spirit   .   b - +0 leather armour
rPois   .          Reflect  .   (no helmet)
rElec   .          Harm     .   (no cloak)
rCorr   .          Rampage  .   (no gloves)
Will    .....                   (no boots)
Stlth   +.........              (no amulet)
HPRegen 0.06/turn               (no ring)
MPRegen 0.08/turn               (no ring)

@: no status effects
A: no striking features
a: Renounce Religion, Depart the Abyss, Bend Space


You were on level 1 of the Dungeon.
You worshipped Lugonu.
Lugonu was pleased with you.
You visited 1 branch of the dungeon, and saw 1 of its levels.
You visited the Abyss 1 time.

You collected 13 gold pieces.

Inventory:

Hand Weapons
 a - a +1 falchion (weapon)
 e - a +1 dagger of pain
Armour
 b - a +0 leather armour (worn)
Scrolls
 c - a scroll of teleportation {unknown}
Potions
 d - a potion of cancellation {unknown}


   Skills:
 + Level 3.1 Fighting
 + Level 1.7 Long Blades
 + Level 2.1 Armour
 + Level 0.8 Dodging
 + Level 2.5 Invocations


You couldn't memorise any spells.
You didn't know any spells.
Your spell library was empty.

Dungeon Overview and Level Annotations

Branches:
Dungeon (1/15)

Altars:


Message History

You kill the bat!
Lugonu accepts your kill. The endoplasm freezes you.
You are frozen.
You see here a bat corpse.
You slash the endoplasm!
You kill the endoplasm!
Lugonu accepts your kill.
Your Armour skill increases to level 2!
You see here a rat corpse.
HP restored.
An endoplasm comes into view.
An endoplasm is nearby!
A goblin and a quokka come into view.
You hit the endoplasm but do no damage. The endoplasm closely misses you.
The quokka bites you but does no damage.
You hit the endoplasm.
The endoplasm is almost dead.
The endoplasm hits you but does no damage.
The quokka bites you.
You slash the endoplasm!
You kill the endoplasm!
Lugonu accepts your kill. The quokka barely misses you.
The goblin hits you but does no damage.
You hit the quokka.
You kill the quokka!
Lugonu accepts your kill. The goblin hits you with a +0 club.
You barely miss the goblin. The goblin hits you with a +0 club.
You hit the goblin but do no damage. You punch the goblin, but do no damage.
The goblin hits you but does no damage.
You closely miss the goblin. The goblin hits you with a +0 club.
The goblin barely misses you.
You closely miss the goblin. The goblin closely misses you.
You closely miss the goblin. The goblin barely misses you.
You barely miss the goblin. The goblin barely misses you.
You barely miss the goblin. The goblin hits you with a +0 club.
* * * LOW HITPOINT WARNING * * *
You completely miss the goblin. The goblin hits you with a +0 club.
You die...

## .. . #. ##..
######. ##.....
#......####...#
#........g@.#
#........####
##.###.....#
##..#.##
#######...>.##
#.......##...#
#......††....#
#.......#....##
#.......#.....##
###


You could see a goblin.

Vanquished Creatures
  2 endoplasms (D:1)
  A quokka (D:1)
  A bat (D:1)
  A kobold (D:1)
  A rat (D:1)
6 creatures vanquished.

Notes
Turn   | Place    | Note
-------+----------+-------------------------------------------
     0 | Abyss:1  | Regnix the Demonspawn Abyssal Knight began the quest for
                  | the Orb.
     0 | Abyss:1  | Reached XP level 1. HP: 18/18 MP: 2/2
    46 | D:1      | Escaped the Abyss
   136 | D:1      | Slain by a goblin

Illustrated notes

Levels and vault maps discovered:
D:1:      dpeg_arrival_tiny_a, layout_rooms,
          hellmonk_ecumenical_altar_prayer_group

Skill      XL: |  1 |
---------------+----+-----
Armour         | 2 |  2.1
Fighting       | |  3.1
Long Blades    | |  1.7
Dodging        | |  0.8
Invocations    | |  2.5

Action                   || total
-------------------------++-------
Melee: Falchion          ||    18
       Punch             ||     1
Armor: Leather armour    ||     7
Dodge: Dodged            ||     7
